 Dungeon Crawl Stone Soup version 0.29.1-1-gd02db6906a (webtiles) character file.

Game seed: 9033323551655657379

190797 karrick the Warrior (level 18, -4/127 HPs)
             Began as a Gargoyle Fighter on Sept 22, 2022.
             Was the Champion of Okawaru.
             Shot with an arrow by a deep elf master archer (6 damage)
             ... on level 3 of the Elven Halls.
             The game lasted 02:11:43 (42762 turns).

karrick the Warrior (Gargoyle Fighter)             Turns: 42762, Time: 02:11:46

Health: -4/127     AC: 51    Str: 34    XL:     18   Next: 62%
Magic:  9/9        EV: 14    Int: 10    God:    Okawaru [******]
Gold:   2900       SH: 12    Dex: 21    Spells: 17/17 levels left

rFire   . . .      SeeInvis +   C - +7 war axe (antimagic)
rCold   . . .      Faith    +   c - +2 buckler
rNeg    + + .      Spirit   .   T - +5 ring mail of the Stars {rPois Str+3}
rPois   ∞          Reflect  .   R - +2 helmet of Dim Light {rN+}
rElec   +          Harm     .   y - +2 cloak of the Morning {Str+4 Dex+3 SInv Stlth+}
rCorr   .          Rampage  .   z - +1 pair of gloves {hurl}
Will    +....                   m - +4 pair of boots of the Known World {Str+4 Dex+3}
Stlth   +++++++++.              A - amulet of faith
HPRegen 0.31/turn               t - ring "Pemaole" {AC+4 Str+2 SInv}
MPRegen 0.11/turn               W - +4 ring of protection

@: about to teleport, heroic, flying
A: sickness immunity, AC +13, big wings, negative energy resistance 1,
electricity resistance, torment resistance 1, petrification resistance
a: Renounce Religion, Heroism, Finesse, Duel


You were on level 3 of the Elven Halls.
You worshipped Okawaru.
Okawaru was exalted by your worship.
You visited 5 branches of the dungeon, and saw 26 of its levels.
You visited the Abyss 2 times.
You also visited: Sewer, Ossuary, Bailey, Gauntlet, Volcano and Wizlab.

You collected 4072 gold pieces.
You spent 1172 gold pieces at shops.

Inventory:

Hand Weapons
 j - the +8 arc blade {discharge, rElec}
   (You found it in a Gauntlet)

   It occasionally unleashes powerful arcs of lightning upon striking a foe.
   These may arc to other adjacent creatures (including the wielder, but dealing
   reduced damage to them) before grounding out.
   rElec:     It insulates you from electricity.
 x - the +6 demon whip "Meulod" {pain, rC++ Will++ Stlth-}
   (Okawaru gifted it to you on level 12 of the Dungeon)

   In the hands of one skilled in necromantic magic, it inflicts extra damage on
   living creatures.
   rC:        It greatly protects you from cold.
   Will:      It greatly increases your willpower.
   Stlth:     It makes you less stealthy.
 C - a +7 antimagic war axe (weapon)
 I - the +8 quick blade "Siolir" {pain, *Slow +Blink rPois rC++}
   (Okawaru gifted it to you on level 10 of the Dungeon)

   In the hands of one skilled in necromantic magic, it inflicts extra damage on
   living creatures.
   rC:        It greatly protects you from cold.
   rPois:     It protects you from poison.
   +Blink:    It lets you blink.
   *Slow:     It may slow you when you take damage.
Missiles
 V - 9 silver javelins (quivered)
Armour
 c - a +2 buckler (worn)
 i - the -1 pair of boots of Loegas {-Cast rC+++ Str+5}
   (You found it in a wizard's laboratory)

   Str:       It affects your strength (+5).
   rC:        It renders you almost immune to cold.
   -Cast:     It prevents spellcasting.
 m - the +4 pair of boots of the Known World (worn) {Str+4 Dex+3}
   (You acquired it on level 1 of the Elven Halls)

   Str:       It affects your strength (+4).
   Dex:       It affects your dexterity (+3).
 v - a +1 pair of boots of rampaging
 y - the +2 cloak of the Morning (worn) {Str+4 Dex+3 SInv Stlth+}
   (Okawaru gifted it to you on level 13 of the Dungeon)

   Str:       It affects your strength (+4).
   Dex:       It affects your dexterity (+3).
   SInv:      It lets you see invisible.
   Stlth:     It makes you more stealthy.
 z - a +1 pair of gloves of hurling (worn)
 J - the +1 pair of boots of Idealism {+Blink rElec Stlth-}
   (You found it on level 1 of the Elven Halls)

   rElec:     It insulates you from electricity.
   +Blink:    It lets you blink.
   Stlth:     It makes you less stealthy.
 K - the +0 hat of Temperance {Harm Slay+3}
   (Okawaru gifted it to you on level 1 of the Lair of Beasts)

   Slay:      It affects your accuracy & damage with ranged weapons and melee
   (+3).
   Harm:      It increases damage dealt and taken.
 L - +0 steam dragon scales
 R - the +2 helmet of Dim Light (worn) {rN+}
   (You found it in a Gauntlet)

   rN:        It protects you from negative energy.
 T - the +5 ring mail of the Stars (worn) {rPois Str+3}
   (You took it off an orc on level 1 of the Elven Halls)

   Str:       It affects your strength (+3).
   rPois:     It protects you from poison.
Jewellery
 f - a ring of protection from fire
 t - the ring "Pemaole" (left hand) {AC+4 Str+2 SInv}
   (You found it on level 3 of the Dungeon)

   [ring of protection]

   AC:        It affects your AC (+4).
   Str:       It affects your strength (+2).
   SInv:      It lets you see invisible.
 w - the ring of Mynugaad {Fly rC- rCorr Int+6 Stlth+}
   (You found it in a Gauntlet)

   [ring of intelligence]

   Int:       It affects your intelligence (+6).
   rC:        It makes you vulnerable to cold.
   Fly:       It grants you flight.
   rCorr:     It protects you from acid and corrosion.
   Stlth:     It makes you more stealthy.
 A - an amulet of faith (around neck)
 S - a +6 ring of dexterity
 W - a +4 ring of protection (right hand)
Wands
 o - a wand of digging (9)
 q - a wand of mindburst (16)
Scrolls
 e - 2 scrolls of blinking
 h - 2 scrolls of immolation
 p - a scroll of torment
 r - 9 scrolls of teleportation
 B - a scroll of silence
 E - 2 scrolls of magic mapping
 F - 5 scrolls of enchant armour
 M - 2 scrolls of poison
 O - a scroll of acquirement
 Q - 3 scrolls of fear
 U - 3 scrolls of amnesia
 X - 2 scrolls of vulnerability
 Z - 4 scrolls of butterflies
Potions
 a - 4 potions of ambrosia
 d - 10 potions of mutation
 k - 4 potions of flight
 l - 10 potions of brilliance
 n - a potion of invisibility
 s - 5 potions of magic
 u - 8 potions of curing
 D - 2 potions of attraction
 G - 4 potions of resistance
 H - 3 potions of lignification
 N - 5 potions of might
 P - 5 potions of cancellation
 Y - a potion of berserk rage
Miscellaneous
 b - a condenser vane


   Skills:
 * Level 18.8(23.8) Fighting
 - Level 1.9(15.8) Axes
 + Level 17.7(22.8) Maces & Flails
 + Level 0.4(5.4) Throwing
 + Level 12.2(17.2) Armour
 * Level 16.6(21.6) Stealth
 + Level 14.1(19.1) Shields
 * Level 13.4 Invocations
 + Level 0.8 Evocations


You had 17 spell levels left.
You didn't know any spells.
Your spell library contained the following spells:

 Spells                   Type           Power      Damage    Failure   Level
 Foxfire                  Conj/Fire      0%         2x1d4     45%         1
 Freeze                   Ice            0%         1d3       45%         1
 Magic Dart               Conj           0%         1d3       45%         1
 Shock                    Conj/Air       0%         1d3       45%         1
 Searing Ray              Conj           0%         2d4       58%         2
 Static Discharge         Conj/Air       0%         3-3/arc   58%         2
 Confusing Touch          Hex            0%         N/A       83%         3
 Conjure Flame            Conj/Fire      0%         6-21      83%         3
 Frozen Ramparts          Ice            0%         1d1       83%         3
 Inner Flame              Hex/Fire       0%         N/A       83%         3
 Ozocubu's Armour         Ice            0%         N/A       83%         3
 Stone Arrow              Conj/Erth      0%         3d7       83%         3
 Swiftness                Air            0%         N/A       83%         3
 Airstrike                Air            0%         2d(0-16)  99%         4
 Cause Fear               Hex            0%         N/A       99%         4
 Corpse Rot               Necr/Pois/Air  0%         N/A       99%         4
 Flame Wave               Conj/Fire      0%         2d4       99%         4
 Fulminant Prism          Conj/Hex       0%         3d6       99%         4
 Hailstorm                Conj/Ice       0%         3d3       99%         4
 Ice Form                 Ice/Tmut       0%         N/A       99%         4
 Leda's Liquefaction      Hex/Erth       0%         N/A       99%         4
 Blade Hands              Tmut           0%         N/A       100%        5
 Irradiate                Conj/Tmut      0%         3d11      100%        5
 Lee's Rapid Deconstruct  Erth           0%         3d5*      100%        5
 Lightning Bolt           Conj/Air       0%         1d11      100%        5
 Dragon Form              Tmut           0%         N/A       100%        7
 Ozocubu's Refrigeration  Ice            0%         4d7       100%        7
 Lehudib's Crystal Spear  Conj/Erth      0%         10d2      100%        8
 Maxwell's Capacitive Co  Air            0%         ∞         100%        8
 Summon Guardian Golem    Hex/Summ       Unusable   N/A       N/A         3
 Animate Armour           Summ/Erth      Unusable   N/A       N/A         4
 Summon Ice Beast         Ice/Summ       Unusable   N/A       N/A         4
 Summon Lightning Spire   Summ/Air       Unusable   N/A       N/A         4
 Statue Form              Tmut/Erth      Unusable   N/A       N/A         6
 Summon Hydra             Summ           Unusable   N/A       N/A         7

Dungeon Overview and Level Annotations

Branches:
Dungeon (15/15)            Temple (1/1) D:6            Lair (5/5) D:11
 Shoals (0/4) Lair:2        Snake (0/4) Lair:3        Slime (0/5) Lair:4
    Orc (2/2) D:9             Elf (3/3) Orc:2        Vaults (0/5) D:13
 Depths (0/4) D:15          Sewer (visited)         Ossuary (visited)
 Bailey (visited)         Volcano (visited)          WizLab (visited)
Gauntlet (visited)

Altars:
Ashenzari
Cheibriados
Dithmenos
Elyvilon
Fedhas
Gozag
Hepliaklqana
Kikubaaqudgha
Makhleb
Nemelex Xobeh
Okawaru
Qazlal
Ru
Sif Muna
Trog
Uskayaw
Vehumet
Wu Jian
Xom
Yredelemnul
Zin
The Shining One
Jiyva

Shops:
D:2 [   D:5 *   D:11 [   Orc:2 !=?!   Elf:1 !   Elf:3 =

Annotations:
Lair:5 2 transporters, xian's ghost, journeyman MiFi
Elf:1 6 runed translucent doors
Elf:2 3 runed translucent doors


Innate Abilities, Weirdness & Mutations

You are immune to sickness and miasma.
Your stone body is resilient. (AC +13)
You are immune to poison.
Your large and strong wings let you fly.
You resist negative energy. (rN+)
You are resistant to electric shocks. (rElec)
You are resistant to unholy torment.
You are immune to petrification.


Message History

a +0 longbow; a +0 leather armour; an elf corpse You feel much better.
The deep elf master archer shoots an arrow.
The arrow hits you! The arrow burns you.
The deep elf master archer shoots an arrow.
The arrow hits you but does no damage.
You are too injured to fight recklessly!
Unknown command.
As you read the scroll of teleportation, it crumbles to dust.
You feel strangely unstable.
The deep elf master archer shoots an arrow.
The arrow hits you. The arrow burns you.
* * * LOW HITPOINT WARNING * * *
You block the deep elf zephyrmancer's attack.
A deep elf sorcerer comes into view. It is wielding a +0 dagger.
The deep elf master archer shoots an arrow.
The arrow barely misses you.
You closely miss the deep elf master archer.
You slice the deep elf zephyrmancer!!
The deep elf zephyrmancer's magic leaks into the air.
The deep elf master archer shoots an arrow.
The arrow hits you!
* * * LOW HITPOINT WARNING * * *
The arrow burns you.
* * * LOW HITPOINT WARNING * * *
The deep elf master archer shoots an arrow.
The arrow completely misses you.
You slice the deep elf zephyrmancer!!
You kill the deep elf zephyrmancer!
Okawaru accepts your kill.
You hit the deep elf master archer.
The deep elf master archer shoots an arrow.
The arrow completely misses you.
You hit the deep elf master archer.
The deep elf master archer is lightly wounded.
The deep elf master archer shoots an arrow.
The arrow hits you!!
* * * LOW HITPOINT WARNING * * *
The arrow burns you.
You die...

.............................~~~≈
≈~~~~≈≈~~≈~~~~~~~~~≈~~~~~~~≈≈~≈##
≈≈≈≈≈≈~~≈≈≈≈≈≈≈≈≈≈≈≈≈≈≈≈≈≈≈~≈≈##.
###############################..
.............................'...
.............................'...
#'###'##########'#####'#######..)
...'....,..'.....)#..........##..
...#......,#...e@)'?....).....##.
...#.......#...e))#............##
#############(###############...#
***,,...,,,,*** #.).)
***,,...,,,,,,,,*** #.))#
**,,,,..,,,,,,,,,,,** ##'##
**,,,,,#*,*,*,**,,,,,** #...#
**,,,,****,,,,**,**,,,,** #...'
*,,,,*,**,,,,,,,*****,,,* #...#


You could see a deep elf master archer and a deep elf sorcerer.

Vanquished Creatures
  A walking crystal tome (WizLab)
  A lich (Abyss:3)
  A deep elf blademaster (Elf:3)
  A walking earthen tome (WizLab)
  A deep elf master archer (Elf:3)
  A walking divine tome (WizLab)
  2 tentacled starspawn
  2 strange machines (WizLab)
  2 deep elf sorcerers (Elf:3)
  3 deep elf demonologists
  A deep elf annihilator (Elf:3)
  An entropy weaver (shapeshifter) (Gauntlet)
  A minotaur (Gauntlet)
  3 deep elf death magi (Elf:3)
  A deep elf high priest (Elf:1)
  Josephine (Lair:5)
  A fire dragon (Volcano)
  11 hydras
  A vault guard (D:13)
  6 boulder beetles
  10 rakshasas
  3 centaur warriors
  A jorogumo (shapeshifter) (Gauntlet)
  An ogre mage (D:15)
  2 catoblepae
  14 two-headed ogres
  A vampire mage (D:15)
  5 orc high priests (Orc:2)
  8 death yaks
  2 deep troll earth magi (Elf:2)
  27 dancing weapons
  2 thrashing horrors (Abyss:3)
  A wretched star (Abyss:2)
  Lodul (D:13)
  Sonja (Lair:5)
  16 deep elf knights
  Amaemon (D:9)
  An iron giant zombie (Abyss:1)
  A spatial maelstrom (Abyss:2)
  A fire crab (shapeshifter) (Elf:1)
  2 skeletal warriors (D:15)
  A swamp dragon (shapeshifter) (D:13)
  5 deep trolls
  20 deep elf zephyrmancers
  12 deep elf archers
  An oklob plant (Gauntlet)
  A necromancer (D:15)
  3 orc sorcerers
  22 deep elf pyromancers
  14 orc knights
  3 salamanders (Volcano)
  5 cyclopes
  5 ugly things
  Maurice (D:12)
  3 worldbinders
  5 black mambas
  5 elephants
  A manticore (D:14)
  A frost giant skeleton (D:15)
  A gargoyle (D:14)
  An apocalypse crab (Abyss:3)
  12 cane toads
  2 black mambas (shapeshifter)
  A merfolk siren (Lair:2)
  2 smoke demons
  An orange demon (D:9)
  3 torpor snails
  A kobold demonologist (D:9)
  A rime drake (shapeshifter) (Gauntlet)
  A komodo dragon (shapeshifter) (D:14)
  Maggie (Lair:2)
  An ancient zyme (Abyss:3)
  5 rime drakes
  A freezing wraith (D:13)
  2 unseen horrors
  11 komodo dragons
  A tengu conjurer (D:12)
  3 merfolk (Lair:2)
  8 trolls
  3 meliai (D:10)
  A large abomination (Abyss:3)
  A queen bee (D:12)
  A raiju (shapeshifter) (D:13)
  A wolf spider simulacrum (D:13)
  6 hornets
  13 blink frogs
  6 polar bears
  9 raiju (Abyss:3)
  27 slime creatures
  Sigmund (D:3)
  6 centaur simulacra
  16 wyverns
  An ettin skeleton (D:15)
  2 starcursed masses (Abyss:3)
  19 spriggans
  5 wraiths
  3 vampires
  A jumping spider (shapeshifter) (Abyss:3)
  A spriggan skeleton (D:15)
  A ynoxinul (Abyss:2)
  6 air elementals
  9 fire bats (Volcano)
  5 water elementals
  59 yaks
  3 fire elementals
  5 vampire mosquitoes (D:13)
  3 basilisks
  7 steam dragons
  Edmund (D:6)
  2 swamp worms (Lair:1)
  3 acid dragons
  3 wargs
  A glowing shapeshifter zombie (D:15)
  18 water moccasins
  Duvessa (D:6)
  A meliai simulacrum (D:13)
  A sky beast (D:7)
  40 orc warriors
  An ice beast (shapeshifter) (D:15)
  5 ice beasts
  9 black bears
  4 boggarts (Lair:5)
  17 ogres
  28 wolves
  13 centaurs
  A phantom (D:5)
  13 bullfrogs
  A kobold brigand (D:7)
  An elf zombie (Ossuary)
  6 earth elementals
  2 gnoll sergeants
  2 necrophages
  2 scorpions
  13 wights
  3 small abominations
  Dowan (D:6)
  9 killer bees (D:12)
  7 howler monkeys
  8 electric eels
  A centaur zombie (Ossuary)
  A gnoll bouda (D:5)
  5 hounds
  26 orc priests
  3 human zombies (Ossuary)
  A quasit (Abyss:2)
  A jelly (D:7)
  An iron imp (Abyss:2)
  Jessica (D:2)
  6 iguanas
  15 orc wizards
  Ijyb (D:2)
  A hell rat (Lair:5)
  A boggart simulacrum (D:13)
  2 mummies (Ossuary)
  Robin (D:3)
  14 gnolls
  2 river rats (Sewer)
  11 adders
  2 shadow imps
  7 white imps
  An ufetubus (D:13)
  3 worms (D:4)
  3 dart slugs
  97 orcs
  15 endoplasms
  3 giant cockroaches (D:4)
  30 goblins
  11 hobgoblins
  11 jackals
  7 quokkas
  10 ball pythons
  5 bats
  7 frilled lizards
  A goblin zombie (Ossuary)
  6 hobgoblin zombies (Ossuary)
  A jackal zombie (Ossuary)
  16 kobolds
  14 kobold zombies (Ossuary)
  8 orc zombies (Ossuary)
  11 rats
  2 rat zombies (Ossuary)
  4 starspawn tentacles
1117 creatures vanquished.

Vanquished Creatures (others)
  A deep elf knight (Elf:3)
  A raiju (Abyss:3)
  2 small abominations
  A water moccasin (D:6)
  An adder (D:6)
  8 bushes
  10 fungi
  A lurking horror (Abyss:2)
  101 plants
  4 starspawn tentacles
  9 withered plants (D:15)
139 creatures vanquished.

Grand Total: 1256 creatures vanquished

Notes
Turn   | Place    | Note
-------+----------+-------------------------------------------
     0 | D:1      | karrick the Gargoyle Fighter began the quest for the Orb.
     0 | D:1      | Reached XP level 1. HP: 14/14 MP: 1/1
   326 | D:1      | Found a faded altar of an unknown god.
   331 | D:1      | Reached XP level 2. HP: 11/19 MP: 2/2
   837 | D:1      | Reached XP level 3. HP: 23/23 MP: 3/3
  1141 | D:2      | Noticed Ijyb
  1525 | D:2      | Found Bul Pewk's Antique Armour Shoppe.
  1563 | D:2      | Noticed Jessica
  1568 | D:2      | Killed Jessica
  1569 | D:2      | Reached XP level 4. HP: 29/29 MP: 4/4
  2113 | D:2      | Killed Ijyb
  2319 | D:3      | Reached skill level 4 in Fighting
  2319 | D:3      | Reached XP level 5. HP: 33/33 MP: 5/5
  2333 | D:3      | Identified the ring "Pemaole" {AC+4 Str+2 SInv}
  2587 | D:3      | Noticed Robin
  2604 | D:3      | Killed Robin
  2782 | D:3      | Noticed Sigmund
  2794 | D:3      | Killed Sigmund
  2795 | D:3      | Reached skill level 5 in Maces & Flails
  2795 | D:3      | Reached XP level 6. HP: 33/39 MP: 6/6
  3165 | D:3      | Reached XP level 7. HP: 44/44 MP: 7/7
  3407 | D:2      | Bought a pair of glowing gloves for 180 gold pieces
  3469 | D:4      | Found a glowing drain.
  3491 | Sewer    | Entered a sewer
  3956 | D:4      | Found a shadowy altar of Dithmenos.
  4262 | D:4      | Reached skill level 5 in Armour
  4614 | D:4      | Reached skill level 5 in Fighting
  4850 | D:5      | Entered Level 5 of the Dungeon
  4977 | D:5      | Reached XP level 8. HP: 49/49 MP: 8/8
  5166 | D:5      | Found Fingul's Serpentskin Sales.
  5545 | D:6      | Noticed Duvessa
  5549 | D:6      | Noticed Dowan
  5557 | D:6      | Killed Duvessa
  5567 | D:6      | Killed Dowan
  5568 | D:6      | Reached skill level 5 in Shields
  5630 | D:6      | Noticed Edmund
  5659 | D:6      | Killed Edmund
  5660 | D:6      | Reached skill level 1 in Stealth
  5769 | D:6      | Found a staircase to the Ecumenical Temple.
  5798 | D:6      | Found a sand-covered staircase.
  5808 | Ossuary  | Entered an ossuary
  5975 | Ossuary  | Reached skill level 6 in Fighting
  5975 | Ossuary  | Reached XP level 9. HP: 30/55 MP: 9/9
  6205 | Temple   | Entered the Ecumenical Temple
  6607 | D:6      | Reached skill level 7 in Fighting
  6932 | D:7      | Reached skill level 10 in Maces & Flails
  7066 | D:7      | Reached XP level 10. HP: 35/63 MP: 10/10
  7569 | D:7      | Found an opulent altar of Gozag.
  8037 | D:7      | Found an ornate altar of the Wu Jian Council.
  8307 | D:7      | Found an iron altar of Okawaru.
  8307 | D:7      | Found a basalt altar of Yredelemnul.
  8311 | D:7      | Became a worshipper of Warmaster Okawaru
  8440 | D:8      | Reached skill level 8 in Fighting
  8470 | D:8      | Found a flagged portal.
  8481 | Bailey   | Entered a bailey
  8695 | Bailey   | Reached * piety under Okawaru
  9074 | Bailey   | Reached ** piety under Okawaru
  9332 | Bailey   | Noticed a two-headed ogre
  9604 | Bailey   | Killed a two-headed ogre
  9723 | Bailey   | Identified the +6 glaive "Uwal" {protect, Will+ Int+4}
  9885 | D:8      | Reached XP level 11. HP: 44/69 MP: 11/11
 10214 | D:8      | Found a sparkling altar of Nemelex Xobeh.
 10370 | D:9      | Found a staircase to the Orcish Mines.
 10540 | D:9      | Reached *** piety under Okawaru
 10843 | D:9      | Noticed a two-headed ogre
 10853 | D:9      | Killed a two-headed ogre
 10854 | D:9      | Reached skill level 9 in Fighting
 11249 | D:9      | Reached **** piety under Okawaru
 11430 | D:9      | Reached ***** piety under Okawaru
 11794 | D:9      | Noticed Amaemon
 11805 | D:9      | Killed Amaemon
 11964 | D:10     | Entered Level 10 of the Dungeon
 12000 | D:10     | Found a shimmering blue altar of Sif Muna.
 12014 | D:10     | Noticed a two-headed ogre
 12030 | D:10     | Killed a two-headed ogre
 12030 | D:10     | Identified the +8 quick blade "Siolir" {pain, *Slow +Blink
                  | rPois rC++} (Okawaru gifted it to you on level 10 of the
                  | Dungeon)
 12030 | D:10     | Received a gift from Okawaru
 12031 | D:10     | Reached skill level 1 in Invocations
 12384 | D:10     | Reached XP level 12. HP: 17/77 MP: 13/13
 12839 | D:10     | Reached skill level 10 in Fighting
 13236 | D:10     | Found a stormy altar of Qazlal.
 13410 | D:11     | Noticed a boulder beetle
 13453 | D:11     | Killed a boulder beetle
 13498 | D:11     | Found Yqoo's Antique Armour Emporium.
 13634 | D:11     | Bought a distressingly furry scale mail for 288 gold pieces
 13634 | D:11     | Identified the +0 scale mail of Jagguri {Stlth+} (You
                  | bought it in a shop on level 11 of the Dungeon)
 13650 | D:11     | Noticed a two-headed ogre
 13670 | D:11     | Killed a two-headed ogre
 13763 | D:11     | Found a gate leading to a gauntlet.
 13779 | Gauntlet | Entered a Gauntlet
 13779 | Gauntlet | Found a transporter.
 13779 | Gauntlet | Found a transporter.
 13780 | Gauntlet | Found a transporter.
 13782 | Gauntlet | Found a transporter.
 13784 | Gauntlet | Found a transporter.
 13785 | Gauntlet | Found a transporter.
 13791 | Gauntlet | Found a transporter.
 13792 | Gauntlet | Found a transporter.
 13793 | Gauntlet | Found a transporter.
 13795 | Gauntlet | Found a transporter.
 13803 | Gauntlet | Found a transporter.
 13804 | Gauntlet | Found a transporter.
 13810 | Gauntlet | Noticed an anaconda
 13810 | Gauntlet | a glowing shapeshifter changed into an anaconda
 13812 | Gauntlet | an anaconda changed into a water nymph
 13888 | Gauntlet | Found a runed translucent door.
 13909 | Gauntlet | Noticed an ice dragon
 13916 | Gauntlet | Noticed a satyr
 13916 | Gauntlet | an ice dragon changed into a satyr
 13917 | Gauntlet | Noticed an alligator
 13917 | Gauntlet | a satyr changed into an alligator
 13923 | Gauntlet | Noticed a quicksilver ooze
 13924 | Gauntlet | Noticed an entropy weaver
 13924 | Gauntlet | a quicksilver ooze changed into an entropy weaver
 13963 | Gauntlet | Received a gift from Okawaru
 14040 | Gauntlet | Identified the +2 helmet of Dim Light {rN+}
 14198 | Gauntlet | Noticed an entropy weaver
 14198 | Gauntlet | a tyrant leech changed into an entropy weaver
 14202 | Gauntlet | Noticed a jorogumo
 14216 | Gauntlet | Reached skill level 10 in Armour
 14222 | Gauntlet | Killed a jorogumo
 14227 | Gauntlet | Killed an entropy weaver
 14237 | Gauntlet | Identified the ring of Mynugaad {Fly rC- rCorr Int+6
                  | Stlth+}
 14373 | Gauntlet | Found the +8 arc blade {discharge, rElec}
 14373 | Gauntlet | Noticed a minotaur
 14395 | Gauntlet | Killed a minotaur
 14396 | Gauntlet | Reached skill level 5 in Invocations
 14538 | D:11     | Reached ****** piety under Okawaru
 14546 | D:11     | Received a gift from Okawaru
 14563 | D:11     | Reached skill level 11 in Fighting
 14581 | D:11     | Reached XP level 13. HP: 64/84 MP: 16/16
 14606 | D:11     | Found a staircase to the Lair.
 15394 | D:12     | Identified a scroll of acquirement
 15911 | D:12     | Noticed Maurice
 15930 | D:12     | Killed Maurice
 16241 | D:12     | Identified the +6 demon whip "Meulod" {pain, rC++ Will++
                  | Stlth-} (Okawaru gifted it to you on level 12 of the
                  | Dungeon)
 16241 | D:12     | Received a gift from Okawaru
 17109 | D:13     | Reached skill level 12 in Fighting
 17112 | D:13     | Reached skill level 10 in Shields
 17436 | D:13     | Reached skill level 15 in Maces & Flails
 17773 | D:13     | Noticed a vault guard
 17786 | D:13     | Noticed Lodul
 17852 | Lair:1   | Entered Level 1 of the Lair of Beasts
 18249 | Lair:1   | Gained mutation: Your large and strong wings let you fly.
                  | [Gargoyle growth]
 18249 | Lair:1   | Reached XP level 14. HP: 92/92 MP: 19/19
 18299 | Lair:1   | Identified the +0 hat of Temperance {Harm Slay+3} (Okawaru
                  | gifted it to you on level 1 of the Lair of Beasts)
 18299 | Lair:1   | Received a gift from Okawaru
 19907 | Lair:2   | Reached skill level 13 in Fighting
 20042 | Lair:2   | Reached skill level 5 in Stealth
 20221 | Lair:2   | Noticed Maggie
 20243 | Lair:2   | Killed Maggie
 20562 | Lair:2   | Found a staircase to the Shoals.
 21432 | Lair:3   | Found an ornate altar of the Wu Jian Council.
 21440 | Lair:3   | Found a staircase to the Snake Pit.
 23216 | Lair:4   | Identified the +1 ring mail "Amaad" {rPois rCorr Int-2}
                  | (Okawaru gifted it to you on level 4 of the Lair of Beasts)
 23216 | Lair:4   | Received a gift from Okawaru
 23672 | Lair:4   | Found a viscous altar of Jiyva.
 23672 | Lair:4   | Found a staircase to the Slime Pits.
 23997 | Lair:5   | Entered Level 5 of the Lair of Beasts
 24388 | Lair:5   | Reached XP level 15. HP: 91/100 MP: 22/22
 24461 | Lair:5   | Reached skill level 14 in Fighting
 24780 | Lair:5   | Noticed Sonja
 24807 | Abyss:1  | Cast into level 1 of the Abyss (Sonja)
 24908 | Abyss:1  | Noticed a daeva
 25454 | Abyss:2  | Noticed a lich
 25456 | Abyss:2  | Noticed a tentacled starspawn
 25558 | Lair:5   | Escaped the Abyss
 25574 | Lair:5   | Killed Sonja
 25575 | Lair:5   | Reached skill level 10 in Invocations
 25752 | Lair:5   | Received a gift from Okawaru
 25814 | Lair:5   | Found a transporter.
 25814 | Lair:5   | Found a transporter.
 25814 | Lair:5   | Noticed xian's ghost (journeyman MiFi)
 26594 | Lair:5   | Identified the +3 sling "Lowarch" {freeze, Str+4}
 26826 | Lair:5   | Received a gift from Okawaru
 27095 | Lair:5   | Identified the +2 robe of Absence {rN+ Will+}
 27095 | Lair:5   | Noticed Josephine
 27121 | Lair:5   | Killed Josephine
 27753 | D:13     | Killed Lodul
 27875 | D:13     | Found a gate to the Vaults.
 27905 | D:13     | Identified the +2 cloak of the Morning {Str+4 Dex+3 SInv
                  | Stlth+} (Okawaru gifted it to you on level 13 of the
                  | Dungeon)
 27905 | D:13     | Received a gift from Okawaru
 28113 | D:13     | Reached skill level 15 in Fighting
 28985 | D:14     | Found a radiant altar of Vehumet.
 29297 | D:14     | Reached XP level 16. HP: 108/108 MP: 24/24
 29460 | D:15     | Entered Level 15 of the Dungeon
 29729 | D:15     | Found a staircase to the Depths.
 30110 | D:15     | Received a gift from Okawaru
 30231 | D:15     | Found a broken altar of Ashenzari.
 30495 | D:15     | Reached skill level 10 in Stealth
 30977 | Orc:1    | Entered Level 1 of the Orcish Mines
 31000 | Orc:1    | Found a dark tunnel.
 31009 | Volcano  | Entered a volcano
 32352 | Orc:2    | Entered Level 2 of the Orcish Mines
 32654 | Orc:2    | Found a staircase to the Elven Halls.
 32658 | Orc:2    | Received a gift from Okawaru
 33957 | Orc:2    | Reached skill level 16 in Fighting
 34341 | Orc:2    | Received a gift from Okawaru
 34455 | Orc:2    | Found Wereir's Distillery.
 34458 | Orc:2    | Found Niymeam's Jewellery Shoppe.
 34459 | Orc:2    | Found Xyoch's Distillery.
 34460 | Orc:2    | Found Diereux's Magic Scroll Emporium.
 34466 | Orc:2    | Bought a scroll of teleportation for 45 gold pieces
 34466 | Orc:2    | Bought a scroll of teleportation for 45 gold pieces
 34466 | Orc:2    | Bought a scroll of teleportation for 45 gold pieces
 34466 | Orc:2    | Bought a scroll of teleportation for 45 gold pieces
 34466 | Orc:2    | Bought a scroll of teleportation for 45 gold pieces
 34466 | Orc:2    | Bought a scroll of teleportation for 45 gold pieces
 34466 | Orc:2    | Bought a scroll of magic mapping for 112 gold pieces
 34467 | Orc:2    | Bought a potion of mutation for 112 gold pieces
 34467 | Orc:2    | Bought a potion of heal wounds for 70 gold pieces
 34467 | Orc:2    | Bought a potion of heal wounds for 70 gold pieces
 34467 | Orc:2    | Bought a potion of heal wounds for 70 gold pieces
 34575 | Elf:1    | Entered Level 1 of the Elven Halls
 34615 | Elf:1    | Received a gift from Okawaru
 34639 | Elf:1    | Paralysed by an air elemental for 1 turns
 34644 | Elf:1    | Found Vaegh's Distillery.
 34695 | Elf:1    | Found a magical portal.
 34736 | WizLab   | Entered Tukima's Studio
 35364 | WizLab   | Noticed a strange machine
 35707 | WizLab   | Reached XP level 17. HP: 96/115 MP: 26/26
 35802 | WizLab   | Noticed a walking divine tome
 36143 | WizLab   | Got the Lessons on the Welkin and the Legion
 36162 | WizLab   | Killed a walking divine tome
 36209 | WizLab   | Noticed karrick's illusion
 36316 | WizLab   | Received a gift from Okawaru
 36331 | WizLab   | Noticed a walking earthen tome
 36341 | WizLab   | Noticed a walking crystal tome
 36357 | WizLab   | Reached skill level 1 in Axes
 36362 | WizLab   | Killed a walking crystal tome
 36371 | WizLab   | Killed a walking earthen tome
 36438 | WizLab   | Identified the -1 pair of boots of Loegas {-Cast rC+++
                  | Str+5}
 36602 | WizLab   | Noticed karrick's illusion
 36617 | WizLab   | Noticed karrick's illusion
 36641 | WizLab   | Got the Spellbook of Hexes
 38192 | Elf:1    | Received a gift from Okawaru
 38515 | Elf:1    | Identified the +5 ring mail of the Stars {rPois Str+3}
 38539 | Elf:1    | Reached skill level 17 in Fighting
 38681 | Elf:1    | Noticed a Hell Sentinel
 38830 | Elf:1    | Found a runed translucent gate.
 38830 | Elf:1    | Found a runed translucent gate.
 38830 | Elf:1    | Found a runed translucent gate.
 38830 | Elf:1    | Found a runed translucent gate.
 38830 | Elf:1    | Found a runed translucent gate.
 38831 | Elf:1    | Found a runed translucent gate.
 38867 | Elf:1    | Acquired the +4 pair of boots of the Known World {Str+4
                  | Dex+3}
 38896 | Elf:1    | Identified the +1 pair of boots of Idealism {+Blink rElec
                  | Stlth-}
 39731 | Elf:2    | Received a gift from Okawaru
 39755 | Elf:2    | Reached skill level 15 in Stealth
 40610 | Elf:2    | Identified the +0 glaive "Qiom" {drain, +Blink rCorr Str+7
                  | Dex-2}
 40661 | Elf:2    | Reached XP level 18. HP: 88/124 MP: 9/27
 40840 | Elf:2    | Found a runed translucent gate.
 40841 | Elf:2    | Found a runed translucent gate.
 40841 | Elf:2    | Found a runed translucent gate.
 40969 | Elf:3    | Entered Level 3 of the Elven Halls
 40984 | Elf:3    | Found Gaheviam's Jewellery Emporium.
 41738 | Elf:3    | Identified the +5 rapier of Paper {venom, rC++ Will+}
 41763 | Elf:3    | Reached skill level 18 in Fighting
 41766 | Elf:3    | Identified the +1 robe of the Republic {rElec rN+} (Okawaru
                  | gifted it to you on level 3 of the Elven Halls)
 41766 | Elf:3    | Received a gift from Okawaru
 42224 | Abyss:3  | Cast into level 3 of the Abyss (a deep elf sorcerer)
 42252 | Abyss:3  | Killed a lich
 42720 | Elf:3    | Escaped the Abyss
 42726 | Elf:3    | Noticed a deep elf blademaster
 42744 | Elf:3    | Noticed a deep elf master archer
 42750 | Elf:3    | Killed a deep elf blademaster
 42752 | Elf:3    | Noticed a deep elf master archer
 42756 | Elf:3    | Killed a deep elf master archer
 42762 | Elf:3    | HP: 2/127 [deep elf master archer/arrow (24)]
 42762 | Elf:3    | Shot with an arrow by a deep elf master archer

Illustrated notes

Levels and vault maps discovered:
D:1:      eino_arrival_water_cross, layout_rooms,
          shapermc_ecumenical_altar_pompeii, hangedman_feature_mirror
D:2:      kennysheep_the_goblin_king, layout_basic, serial_shops, shop,
          uniq_jessica
D:3:      layout_loops_ring, uniq_sigmund, uniq_robin
D:4:      cheibrodos_barr_body, layout_basic, kennysheep_mini,
          cheibrodos_sewer_entry_drain
D:5:      layout_basic, guppyfry_shop_venom, uniq_pikel
D:6:      minmay_razor_zed, layout_rooms, minmay_temple_entry_mist,
          lightli_ossuary_entry_decrepit_ruins, uniq_edmund, uniq_duvessa
D:7:      layout_layer_cave, gammafunk_temple_overflow_wave, lemuel_tele_altar,
          nzn_wu_jian_contemplation
D:8:      layout_rooms, lemuel_round_altar, enter_bailey_3
D:9:      minmay_inner_zag, layout_basic, orc_0_dummy, kennysheep_pointless_box,
          minivault_5, minivault_10, uniq_amaemon
D:10:     layout_basic, mainiacjoe_overflow_six_doors_small,
          nicolae_qazlal_general_emergency
D:11:     layout_basic, minmay_lair_entry_grove, serial_shops,
          nicolae_shop_temple_entry_statues_fountains, gauntlet_entry_generic
D:12:     layout_loops_cross, nicolae_concentric_dashed_squares_mild,
          nicolae_looking_at_the_future, uniq_maurice
D:13:     layout_long_grid, david_vaults_5, serial_ice, serial_ice_c,
          serial_ice_l, serial_ice_a, serial_ice_o, lightli_minifort, uniq_lodul
D:14:     layout_roguey, nicolae_vehumet_radiance
D:15:     gammafunk_depths_entry_grave, layout_gridville, ashenzari_altar_1
Temple:   compressed_dpeg_circular_temple
Lair:1:   layout_regular_city, worms_lemuel, infiniplex_staircase_pool_2
Lair:2:   layout_chaotic_city, elwin_shoals_entry_stream, serial_bayou_shore_b,
          grunt_megastairs_5, uniq_maggie
Lair:3:   wad_woods_structure_01, layout_cellular_growth, dummy_snake_entry,
          basic_altar
Lair:4:   layout_regular_city, dpeg_slime_entry_enclosed, serial_bayou_pond_b
Lair:5:   minmay_lair_end_enchanted_forest, layout_hall_layers,
          gammafunk_ghost_hive, minmay_hedge_maze, serial_bayou_pond_c,
          uniq_sonja, uniq_josephine
Orc:1:    layout_caves, nicolae_volcano_entry_two_sided
Orc:2:    st_orc_pillars, layout_caves
Elf:1:    minmay_elf_arrival_circle, layout_onion_city, serial_shops,
          nicolae_shop_advertising_works [nicolae_subvault_shop_adworks],
          mu_enter_wizlab_4, orc_legates
Elf:2:    nicolae_elf_blades_crystal_corner, layout_geoelf_octagon,
          dreamdust_deal_with_the_devil, nicolae_elf_deep_friendship,
          grunt_megastairs_2
Elf:3:    minmay_elf_hall_circle, layout_geoelf_castle, serial_shops, shop

Skill      XL: |  1  2  3  4  5  6  7  8  9 10 11 12 13 14 15 16 17 18 |
---------------+-------------------------------------------------------+-----
Maces & Flails | 3 5 6 8 10 11 13 14 15 16 17 | 17.7
Armour         | 4 5 6 7 8 9 10 11 12 | 12.2
Fighting       | 4 5 6 7 8 9 11 12 13 15 16 17 18 | 18.8
Shields        | 4 5 6 7 8 9 10 11 12 13 14 | 14.1
Stealth        | 1 2 3 5 9 12 15 16 | 16.6
Invocations    | 2 5 7 9 10 12 13 | 13.4
Axes           | 1 |  1.9
Throwing       | |  0.4
Evocations     | |  0.8

Action                   |  1- 3 |  4- 6 |  7- 9 | 10-12 | 13-15 | 16-18 || total
-------------------------+-------+-------+-------+-------+-------+-------++-------
Melee: Flail             |   106 |    26 |   191 |   511 |   308 |       ||  1142
       Whip              |       |   131 |   294 |   159 |       |       ||   584
       Demon whip        |       |       |       |       |  1667 |  1192 ||  2859
       War axe           |       |       |       |       |       |   494 ||   494
Throw: Boomerang         |       |       |       |     1 |       |       ||     1
       Javelin           |       |       |       |       |       |     7 ||     7
Invok: Heroism           |       |       |       |     7 |     5 |    19 ||    31
       Finesse           |       |       |       |     1 |       |     3 ||     4
Evoke: Wand              |       |       |       |     8 |       |       ||     8
  Use: Potion            |     1 |       |       |    12 |     4 |    11 ||    28
       Scroll            |       |       |       |    28 |     9 |    22 ||    59
 Stab: Sleeping          |       |       |       |       |     4 |    23 ||    27
       Petrified         |       |       |       |       |    13 |       ||    13
       Petrifying        |       |       |       |       |     2 |       ||     2
       Distracted        |       |       |       |       |     1 |     6 ||     7
Armor: Scale mail        |    90 |    78 |   210 |   148 |       |       ||   526
       Ring mail         |       |       |       |   240 |   926 |   807 ||  1973
Dodge: Dodged            |    67 |    62 |   169 |   250 |   573 |   438 ||  1559
Block: Buckler           |    26 |    35 |   108 |   187 |   442 |   607 ||  1405
